 Dungeon Crawl Stone Soup version 0.29.1-12-g30fa7ad0bf (webtiles) character file.

Game seed: 12505185787370901011

59111 xian the Severer (level 14, -15/135 HPs)
             Began as a Hill Orc Berserker on Dec 15, 2022.
             Was a High Priest of Trog.
             Demolished by an orc knight
             ... wielding a +0 war axe
              (24 damage)
             ... on level 2 of the Orcish Mines.
             The game lasted 01:06:48 (21805 turns).

xian the Severer (Hill Orc Berserker)              Turns: 21805, Time: 01:06:49

Health: -15/135    AC: 27    Str: 31    XL:     14   Next: 93%
Magic:  14/14      EV:  9    Int:  7    God:    Trog [*****.]
Gold:   1401       SH:  6    Dex: 10    Spells: 13/13 levels left

rFire   + . .      SeeInvis +   A - +7 hand axe (freeze)
rCold   . . .      Faith    .   w - +0 buckler
rNeg    . . .      Spirit   .   I - +4 plate armour {rF+}
rPois   .          Reflect  .   (no helmet)
rElec   .          Harm     .   P - +1 cloak {Will+}
rCorr   .          Rampage  .   L - +2 pair of gloves {hurl}
Will    ++...                   (no boots)
Stlth   ..........              k - amulet of regeneration
HPRegen 1.12/turn               N - +6 ring of strength
MPRegen 0.14/turn               s - ring of see invisible

@: silenced, on berserk cooldown, slowed, very slow
A: no striking features
a: Renounce Religion


You were on level 2 of the Orcish Mines.
You worshipped Trog.
Trog was extremely pleased with you.
You visited 3 branches of the dungeon, and saw 17 of its levels.
You also visited: Sewer, Bailey and Volcano.

You collected 1731 gold pieces.
You spent 330 gold pieces at shops.

Inventory:

Hand Weapons
 A - a +7 hand axe of freezing (weapon)
 M - the +7 sling of Zin, Singing {flame, rPois rC- rN++ Int-2}
   (You found it on level 8 of the Dungeon)

   Any ammunition fired from it burns those it strikes, dealing additional fire
   damage.
   Int:       It affects your intelligence (-2).
   rC:        It makes you vulnerable to cold.
   rPois:     It protects you from poison.
   rN:        It greatly protects you from negative energy.
Missiles
 d - 53 poisoned darts (quivered)
 e - 127 stones
 m - 2 curare-tipped darts
 B - 9 boomerangs
Armour
 a - a +2 robe of the Archmagi
 w - a +0 buckler (worn)
 I - a +4 plate armour of fire resistance (worn)
 L - a +2 pair of gloves of hurling (worn)
 P - a +1 cloak of willpower (worn)
 Q - the +2 cloak of the Thief {*Fog Slay-2 SInv Stlth+}
   (You found it in a volcano)

   It may release a thick cloud of smoke when the wearer is hurt.
   Slay:      It affects your accuracy & damage with ranged weapons and melee
   (-2).
   SInv:      It lets you see invisible.
   Stlth:     It makes you more stealthy.
Jewellery
 k - an amulet of regeneration (around neck)
 s - a ring of see invisible (right hand)
 E - a ring of flight
 N - a +6 ring of strength (left hand)
Wands
 H - a wand of charming (8)
 R - a wand of light (7)
Scrolls
 f - 3 scrolls of magic mapping
 g - 2 scrolls of summoning
 h - 3 scrolls of fear
 i - 3 scrolls of fog
 j - 2 scrolls of blinking
 p - 2 scrolls of teleportation
 D - 2 scrolls of poison
 F - a scroll of identify
Potions
 b - 4 potions of invisibility {unknown}
 c - 9 potions of curing
 l - 2 potions of heal wounds
 n - 2 potions of brilliance {unknown}
 o - 9 potions of might {unknown}
 q - 5 potions of haste
 r - 3 potions of magic {unknown}
 t - a potion of ambrosia {unknown}
 v - 7 potions of attraction {unknown}
 z - 2 potions of resistance
 C - a potion of lignification
 G - 2 potions of flight
 J - 4 potions of mutation
 K - 2 potions of cancellation
 O - a potion of experience {unknown}
Miscellaneous
 u - a lightning rod (4/4)
 y - a condenser vane


   Skills:
 + Level 15.2 Fighting
 + Level 16.5 Axes
 + Level 7.3 Throwing
 + Level 14.9 Armour
 + Level 3.9 Dodging
 + Level 3.1 Stealth
 * Level 10.3 Shields


You had 13 spell levels left.
You didn't know any spells.
Your spell library contained the following spells:

 Spells                   Type           Power      Damage    Failure   Level
 Apportation              Tloc           0%         N/A       96%         1
 Necrotise                Necr           0%         1d4       96%         1
 Sting                    Tmut/Pois      0%         1d3       96%         1
 Summon Small Mammal      Summ           0%         N/A       96%         1
 Poisonous Vapours        Pois/Air       0%         N/A       99%         2
 Scorch                   Fire           0%         2d5       99%         2
 Sublimation of Blood     Necr           0%         N/A       99%         2
 Gell's Gravitas          Tloc           0%         N/A       100%        3
 Lesser Beckoning         Tloc           0%         N/A       100%        3
 Teleport Other           Tloc           0%         N/A       100%        3
 Tukima's Dance           Hex            0%         N/A       100%        3
 Airstrike                Air            0%         2d(0-16)  100%        4
 Animate Dead             Necr           0%         N/A       100%        4
 Flame Wave               Conj/Fire      0%         2d4       100%        4
 Olgreb's Toxic Radiance  Pois           0%         N/A       100%        4
 Passage of Golubria      Tloc           0%         N/A       100%        4
 Petrify                  Tmut/Erth      0%         N/A       100%        4
 Summon Lightning Spire   Summ/Air       0%         N/A       100%        4
 Borgnjor's Vile Clutch   Necr/Erth      0%         N/A       100%        5
 Irradiate                Conj/Tmut      0%         3d11      100%        5
 Lightning Bolt           Conj/Air       0%         1d11      100%        5
 Yara's Violent Unravell  Hex/Tmut       0%         3d3       100%        5
 Death Channel            Necr           0%         N/A       100%        6
 Summon Cactus Giant      Summ           0%         N/A       100%        6
 Chain Lightning          Conj/Air       0%         N/A       100%        9
 Polar Vortex             Ice            0%         N/A       100%        9


Dungeon Overview and Level Annotations

Branches:
Dungeon (10/15)            Temple (0/1) D:7            Lair (5/5) D:8
  Swamp (0/4) Lair:2        Snake (0/4) Lair:2        Slime (0/5) Lair:5
    Orc (2/2) D:10            Elf (0/3) Orc:2         Sewer (visited)
 Bailey (visited)         Volcano (visited)

Altars:
Cheibriados
Fedhas
Gozag
Hepliaklqana
Okawaru
Qazlal
Trog
Uskayaw
Zin
The Shining One

Shops:
D:1 [   D:3 (   D:8 *


Message History

You hit the orc knight but do no damage.
The orc knight is moderately wounded.
You hit the orc knight but do no damage.
You hit the hellwing. You freeze the hellwing.
Unknown command.
You hit the orc knight but do no damage.
The orc knight is moderately wounded.
You closely miss the orc knight. You hit the hellwing but do no damage.
The hellwing hits you but does no damage.
You block the hellwing's attack.
The orc knight roars a battlecry!
The orcs go into a battle-frenzy!
The orc knight completely misses you. x2
You hit the orc knight. You freeze the orc knight.
The orc knight is moderately wounded.
You slash the orc warrior! You freeze the orc warrior.
You hit the orc knight but do no damage.
You hit the hellwing but do no damage.
The hellwing hits you but does no damage.
You block the hellwing's attack.
The orc warrior hits you with a +0 long sword of freezing.
The orc warrior freezes you.
The orc high priest mumbles some strange prayers to Beogh.
You block the orc warrior's attack.
The orc knight hits you but does no damage.
The orc knight hits you with a +1 long sword!
Magic scrolls do not work when you're silenced!
The orc knight attacks as you move away!
The orc knight hits you with a +1 long sword!!
* * * LOW HITPOINT WARNING * * *
The hellwing barely misses you. x2
The hellwing hits you but does no damage.
The hellwing barely misses you.
The orc warrior hits you from afar with a +0 trident!
* * * LOW HITPOINT WARNING * * *
The orc warrior hits you from afar with a +0 glaive!!
* * * LOW HITPOINT WARNING * * *
The orc warrior no longer looks unusually strong.
The orc knight hits you with a +0 war axe!!
You die...

## #..#...#..#
<#
##...).....##
##
#...#)..#...#
.##
##...........##
..##
#....#...#....#
...##
#.............#
....##
#....#...#....#
#..#.##
#.............#
......#
#....#@..#....#
.....##
##...4.o.....##
...###
#...#oo.#...#
...##
##.o.4oo...##
....##
#..#o..#..#
...#.##
##..o....##
......#
###.#o###
.....## #3oo43#
.#.### ##.#o##


You could see 3 orc knights, 3 orc high priests, a hellwing (summoned), an ice
devil (summoned), 2 smoke demons, a chaos spawn (summoned), 4 orc warriors and
an orc (strong).

Vanquished Creatures
  Gastronok (Lair:3)
  A dire elephant (Lair:5)
  The ghost of warriortoast the Unseen, a journeyman SpHu of Fedhas (Lair:4)
  4 hydras
  A boulder beetle (Lair:5)
  A fire dragon (Volcano)
  A catoblepas (Lair:5)
  A centaur warrior (D:8)
  13 death yaks
  A deep troll shaman (Lair:5)
  2 orc high priests (Orc:2)
  4 sun demons (Volcano)
  5 orc knights
  An oklob plant (Lair:5)
  2 orc sorcerers
  2 cyclopes
  5 elephants
  5 black mambas
  2 smoke demons (Volcano)
  2 gargoyles
  13 cane toads
  Maggie (D:9)
  4 torpor snails (Lair:1)
  An unseen horror (D:10)
  A rime drake (Lair:2)
  9 komodo dragons
  3 kobold demonologists (D:9)
  2 hornets
  3 polar bears (Lair:5)
  6 blink frogs (Lair:2)
  A dream sheep (Lair:3)
  Sigmund (D:3)
  A shadow (D:9)
  8 wyverns
  23 yaks
  Eustachio (D:4)
  A vampire (Bailey)
  4 basilisks
  5 steam dragons (Volcano)
  6 vampire mosquitoes
  5 wargs
  Menkaure (D:4)
  2 nagas (Lair:2)
  12 water moccasins
  2 acid dragons
  3 hell hounds (Volcano)
  A black bear (Lair:5)
  27 orc warriors
  A sky beast (D:7)
  5 ogres
  19 wolves
  4 centaurs
  3 phantoms
  5 kobold brigands
  Blork the orc (D:6)
  13 bullfrogs
  3 scorpions
  16 wights
  5 killer bees (D:9)
  7 howler monkeys
  An electric eel (Lair:2)
  10 vampire bats
  6 wolf zombies (Bailey)
  6 hounds
  32 orc priests
  8 jellies
  4 iguanas
  14 orc wizards
  4 gnolls (D:4)
  6 adders
  4 river rats (Sewer)
  2 shadow imps
  2 worms
  2 dart slugs
  77 orcs
  11 ball pythons
  6 endoplasms
  3 giant cockroaches
  11 goblins
  5 hobgoblins
  3 jackals (D:4)
  30 kobolds
  2 quokkas
  12 bats
  4 frilled lizards
  21 orc zombies (Bailey)
  16 rats
586 creatures vanquished.

Vanquished Creatures (collateral kills)
  An orc warlord (D:10)
1 creature vanquished.

Vanquished Creatures (others)
  44 fungi
  56 plants
100 creatures vanquished.

Grand Total: 687 creatures vanquished

Notes
Turn   | Place    | Note
-------+----------+-------------------------------------------
     0 | D:1      | xian the Hill Orc Berserker began the quest for the Orb.
     0 | D:1      | Reached XP level 1. HP: 19/19 MP: 1/1
   378 | D:1      | Reached XP level 2. HP: 24/27 MP: 2/2
   671 | D:1      | Found Xapejug's Armour Boutique.
   789 | D:2      | Reached skill level 5 in Axes
  1071 | D:2      | Reached XP level 3. HP: 31/33 MP: 3/3
  2169 | D:3      | Reached XP level 4. HP: 40/40 MP: 4/4
  2173 | D:3      | Found a glowing drain.
  2222 | D:3      | Noticed a scorpion
  2236 | Sewer    | Entered a sewer
  2284 | Sewer    | Reached ** piety under Trog
  2383 | Sewer    | Noticed a kobold brigand
  2391 | Sewer    | Killed a kobold brigand
  2392 | Sewer    | Reached skill level 6 in Axes
  2392 | Sewer    | Reached XP level 5. HP: 47/47 MP: 5/5
  2566 | Sewer    | Noticed a kobold brigand
  2581 | Sewer    | Killed a kobold brigand
  2582 | Sewer    | Reached XP level 6. HP: 55/55 MP: 6/6
  2680 | Sewer    | Reached skill level 5 in Fighting
  2935 | D:3      | Reached skill level 7 in Axes
  2964 | D:3      | Noticed Sigmund
  2983 | D:3      | Killed Sigmund
  2984 | D:3      | Reached skill level 1 in Throwing
  2984 | D:3      | Reached skill level 1 in Stealth
  2984 | D:3      | Reached XP level 7. HP: 38/61 MP: 7/7
  3346 | D:3      | Found Zetiucir's Weapon Shoppe.
  3986 | D:4      | Reached *** piety under Trog
  4024 | D:4      | Reached skill level 8 in Axes
  4211 | D:4      | Noticed Eustachio
  4231 | D:4      | Killed Eustachio
  4232 | D:4      | Reached XP level 8. HP: 39/70 MP: 8/8
  4533 | D:4      | Noticed Menkaure
  4544 | D:4      | Killed Menkaure
  4545 | D:4      | Reached skill level 9 in Axes
  4823 | D:5      | Entered Level 5 of the Dungeon
  5822 | D:5      | Reached skill level 10 in Axes
  6074 | D:6      | Reached skill level 1 in Shields
  6113 | D:6      | Reached XP level 9. HP: 66/79 MP: 9/9
  6200 | D:6      | Noticed Blork the orc
  6218 | D:6      | Killed Blork the orc
  6407 | D:6      | Reached skill level 5 in Armour
  6804 | D:6      | Reached skill level 11 in Axes
  7351 | D:7      | Found an opulent altar of Gozag.
  7355 | D:7      | Found a stormy altar of Qazlal.
  7355 | D:7      | Found an iron altar of Okawaru.
  7355 | D:7      | Found a blossoming altar of Fedhas.
  7356 | D:7      | Found a hazy altar of Hepliaklqana.
  7359 | D:7      | Found a glowing golden altar of the Shining One.
  7360 | D:7      | Found a hide-covered altar of Uskayaw.
  7591 | D:7      | Found a staircase to the Ecumenical Temple.
  7954 | D:8      | Found a flagged portal.
  7979 | Bailey   | Entered a bailey
  8296 | Bailey   | Reached XP level 10. HP: 91/91 MP: 10/10
  8595 | Bailey   | Noticed a gargoyle
  8608 | Bailey   | Killed a gargoyle
  8609 | Bailey   | Reached skill level 12 in Axes
  8780 | Bailey   | Identified the +1 ring mail of Qeihyuro {rC+++ rN+ Will+
                  | Str-4}
  9302 | D:1      | Bought a +2 pair of gloves of hurling for 215 gold pieces
  9526 | D:8      | Found Zin's Purification Station.
  9530 | D:8      | Found a glowing silver altar of Zin.
  9686 | D:8      | Reached **** piety under Trog
  9962 | D:8      | Noticed a cyclops
  9976 | D:8      | Killed a cyclops
 10181 | D:8      | Noticed a centaur warrior
 10197 | D:8      | Killed a centaur warrior
 10338 | D:8      | Identified the +7 sling of Zin, Singing {flame, rPois rC-
                  | rN++ Int-2}
 10509 | D:8      | Reached skill level 13 in Axes
 10523 | D:8      | Reached XP level 11. HP: 33/99 MP: 11/11
 10897 | D:8      | Reached skill level 10 in Fighting
 11125 | D:8      | Found a staircase to the Lair.
 11769 | D:9      | Noticed a sixfirhy
 11833 | D:9      | Reached skill level 10 in Armour
 11877 | D:9      | Noticed Maggie
 11903 | D:9      | Killed Maggie
 12156 | D:10     | Entered Level 10 of the Dungeon
 12347 | D:10     | Found a staircase to the Orcish Mines.
 12463 | D:10     | Reached skill level 14 in Axes
 13386 | D:1      | Bought a +0 cloak of willpower for 115 gold pieces
 13629 | Lair:1   | Entered Level 1 of the Lair of Beasts
 13961 | Lair:1   | Found a snail-covered altar of Cheibriados.
 14095 | Lair:1   | Reached skill level 5 in Throwing
 14285 | Lair:1   | Reached XP level 12. HP: 87/110 MP: 12/12
 14348 | Lair:1   | Noticed a six-headed hydra
 14366 | Lair:1   | Killed an 18-headed hydra
 14817 | Lair:2   | Found a staircase to the Swamp.
 14903 | Lair:2   | Reached skill level 5 in Shields
 15268 | Lair:2   | Found a staircase to the Snake Pit.
 16062 | Lair:3   | Reached skill level 15 in Axes
 16180 | Lair:3   | Reached ***** piety under Trog
 16217 | Lair:3   | Noticed Gastronok
 16236 | Lair:3   | Noticed a five-headed hydra
 16240 | Lair:3   | Killed Gastronok
 16254 | Lair:3   | Killed a 15-headed hydra
 16255 | Lair:3   | Reached XP level 13. HP: 114/119 MP: 13/13
 16901 | Lair:4   | Found a runed translucent gate.
 16901 | Lair:4   | Found a runed translucent gate.
 16902 | Lair:4   | Found a runed translucent gate.
 16905 | Lair:4   | Noticed warriortoast's ghost (journeyman SpHu)
 16951 | Lair:4   | Killed warriortoast's ghost
 17894 | Lair:5   | Entered Level 5 of the Lair of Beasts
 18092 | Lair:5   | Identified the +4 flail "Xiegofop" {freeze, Int+4}
 18160 | Lair:5   | Found a dark tunnel.
 18165 | Volcano  | Entered a volcano
 18482 | Volcano  | Noticed a fire dragon
 18483 | Volcano  | Found the +2 cloak of the Thief {*Fog Slay-2 SInv Stlth+}
 18507 | Volcano  | Killed a fire dragon
 18508 | Volcano  | Reached XP level 14. HP: 47/130 MP: 14/14
 18709 | Lair:5   | Reached skill level 16 in Axes
 18861 | Lair:5   | Received a gift from Trog
 19040 | Lair:5   | Found a staircase to the Slime Pits.
 20042 | Lair:5   | Noticed a dire elephant
 20059 | Lair:5   | Killed a dire elephant
 20083 | Lair:5   | Got the Folio of Polar Lightning
 20360 | Orc:1    | Entered Level 1 of the Orcish Mines
 20378 | Orc:1    | Noticed an orc warlord
 20560 | D:10     | Killed an orc warlord
 20670 | Orc:1    | Found a bloodstained altar of Trog.
 20901 | Orc:2    | Entered Level 2 of the Orcish Mines
 20913 | Orc:2    | Reached skill level 10 in Shields
 20937 | Orc:2    | Found a staircase to the Elven Halls.
 21475 | Orc:2    | Reached skill level 15 in Fighting
 21805 | Orc:2    | Demolished by an orc knight

Illustrated notes

Levels and vault maps discovered:
D:1:      amcnicky_arrival_choice, layout_rooms, serial_shops,
          nicolae_shop_stone
D:2:      layout_loops_cross
D:3:      layout_basic, cheibrodos_sewer_entry_drain, serial_shops, shop,
          moated_statue, kennysheep_another_room, uniq_sigmund
D:4:      layout_cave_pools, grunt_ministairs_7, kennysheep_generic_room_8,
          uniq_menkaure, uniq_eustachio
D:5:      layout_loops_cross, minmay_a_box_with_orc_wizards_in_it
D:6:      layout_loops_corners, uniq_blork_the_orc
D:7:      layout_basic, minitemple, minmay_temple_entry_overgrown
D:8:      layout_rooms, zin_purify, erik_lair_dragon, enter_bailey_3,
          hangedman_decor_points, minmay_diamond_spiral
D:9:      layout_rooms, uniq_maggie
D:10:     layout_basic, erik_orc_3
Lair:1:   layout_long_grid, kennysheep_snail_temple, grunt_megastairs_3
Lair:2:   beast_lair_carwin_large_1, layout_cave_pods, minmay_swamp_entry_swarm,
          guppyfry_snake_entry_garden
Lair:3:   layout_chaotic_city, st_stairs_11, serial_bayou_shore_a,
          uniq_gastronok
Lair:4:   layout_regular_city, ebering_ghost_rock_garden,
          infiniplex_staircase_pool_2, grunt_megastairs_1
Lair:5:   grunt_lair_end_beastmaster, layout_layer_cave,
          nicolae_slime_entry_slimehenge, enter_volcano_4, roderic_batcave
Orc:1:    layout_diamond_mine, basic_altar
Orc:2:    st_orc_pillars, layout_caves

Skill      XL: |  1  2  3  4  5  6  7  8  9 10 11 12 13 14 |
---------------+-------------------------------------------+-----
Axes           | 5 6 7 8 10 11 13 14 15 16 | 16.5
Fighting       | 4 5 7 9 11 12 13 15 | 15.2
Dodging        | 2 3 |  3.9
Throwing       | 1 2 3 5 6 7 |  7.3
Stealth        | 1 3 |  3.1
Armour         | 3 4 6 9 11 12 13 14 | 14.9
Shields        | 1 3 4 6 8 10 | 10.3

Action                   |  1- 3 |  4- 6 |  7- 9 | 10-12 | 13-15 || total
-------------------------+-------+-------+-------+-------+-------++-------
Melee: Hand axe          |    99 |    80 |   318 |   723 |   807 ||  2027
       Punch             |       |     1 |       |       |       ||     1
Throw: Dart              |     1 |    11 |    44 |    82 |    57 ||   195
       Stone             |     7 |       |       |       |    14 ||    21
Invok: Berserk           |     2 |     7 |    12 |    14 |    23 ||    58
       Trog's Hand       |       |       |     2 |     2 |     1 ||     5
       Brothers in Arms  |       |       |       |       |     1 ||     1
  Use: Scroll            |     5 |       |     7 |    15 |    10 ||    37
       Potion            |     2 |       |       |     2 |     3 ||     7
 Stab: Petrified         |       |       |       |       |    12 ||    12
       Petrifying        |       |       |       |       |     1 ||     1
Armor: Animal skin       |    23 |    18 |       |       |       ||    41
       Ring mail         |       |     1 |    21 |       |       ||    22
       Plate armour      |       |       |   122 |   388 |   446 ||   956
Dodge: Dodged            |    80 |    61 |   103 |   235 |   282 ||   761
Block: Buckler           |       |       |    37 |   124 |   176 ||   337
